AoeStats
← plt143

Arabia

509939386Analyzed
1v1 RM · 5d ago on Sep 28, 2026· 60m 35s· 2 players
Game mode
Random Map
Map size
Tiny (2 player)
Population
200
Speed
Normal
Resources
Standard
Victory
Conquest
Starting age
Dark Age
Ending age
Imperial Age
RankedLock teamsTeams togetherTeam positionsShared explorationLock speedFull tech treeHidden civsTurbo modeCheats
Victory
Defeat
🇹🇷 Maya · Türkiye
989
+16
🇨🇦 Vikings · Canada
991
-16
plt143
0:25 Loom
9:31 Feudal Age
9:57 Double-Bit Axe
16:01 Wheelbarrow
18:20 Padded Archer Armor
18:13 Fletching
22:46 Castle Age
21:48 Padded Archer Armor
21:40 Gold Mining
23:01 Horse Collar
23:23 Scale Mail Armor
23:34 Forging
23:43 Bow Saw
23:00 Crossbowman
24:42 Thumb Ring
24:32 Town Watch
27:26 Eagle Warrior
28:12 Squires
28:47 Elite Skirmisher
33:34 Hul'che Javelineers
34:12 Town Patrol
37:01 Hand Cart
37:58 Pikeman
41:59 Imperial Age
40:16 Heavy Plow
41:03 Bodkin Arrow
41:23 Leather Archer Armor
41:24 Chain Mail Armor
41:44 Iron Casting
43:34 Conscription
43:49 Ballistics
43:08 Halberdier
46:18 Chemistry
45:17 Elite Plumed Archer
48:15 Bracer
48:45 Ring Archer Armor
48:46 Plate Mail Armor
49:16 Blast Furnace
Spicy Wiener
7:21 Loom
9:44 Feudal Age
10:05 Man-at-Arms
18:30 Fletching
18:41 Padded Archer Armor
21:35 Castle Age
23:04 Elite Skirmisher
32:05 Scale Barding Armor
32:22 Double-Bit Axe
33:17 Forging
40:05 Imperial Age
38:51 Bow Saw
38:38 Light Cavalry
39:59 Ballistics
43:59 Scale Mail Armor
44:34 Iron Casting
46:58 Chemistry
46:05 Siege Engineers
47:34 Conscription
47:16 Bogsveigar
47:03 Onager
48:02 Bodkin Arrow
48:23 Leather Archer Armor
54:03 Conscription
58:16 Heavy Scorpion
59:13 Horse Collar
Connection lost

Rejoining the realm…

Still unreachable

The connection could not be restored.

Session expired

The server has moved on; the page needs a fresh start.